 Dungeon Crawl Stone Soup version 0.24.1-8-ga250c9d538 (webtiles) character file.

Game seed: 7746505338330710102, levelgen mode: deterministic

7299 MordorOrchid the Nimble (level 11, -1/87 HPs)
             Began as a Gnoll Monk on May 2, 2020.
             Was a High Priest of Sif Muna.
             Slain by an iguana (3 damage)
             ... on level 9 of the Dungeon on May 3, 2020.
             The game lasted 00:51:24 (7344 turns).

MordorOrchid the Nimble (Gnoll Monk)                Turns: 7344, Time: 00:51:24

Health: -1/87      AC:  8    Str: 14    XL:     11   Next: 13%
Magic:  17/19      EV: 18    Int: 15    God:    Sif Muna [*****.]
Gold:   471        SH:  0    Dex: 18    Spells: 11/21 levels left

rFire    + . .     SeeInvis .   y - +4 short sword (venom)
rCold    . . .     Gourm    .   (no shield)
rNeg     . . .     Faith    .   J - +2 leather armour {rF+}
rPois    .         Spirit   .   (no helmet)
rElec    .         Reflect  .   W - +0 cloak
rCorr    .         Harm     .   d - +0 pair of gloves
MR       .....                  (no boots)
Stlth    ++++......             (no amulet)
HPRegen  0.24/turn              (no ring)
MPRegen  0.16/turn              (no ring)

@: lethally poisoned (-1 -> -6), slowed, very slow
A: distributed training, fangs 1, strong nose
a: Channel Magic, Forget Spell, Divine Exegesis, Renounce Religion


You were on level 9 of the Dungeon.
You worshipped Sif Muna.
Sif Muna was extremely pleased with you.
You were not hungry.

You visited 1 branch of the dungeon, and saw 9 of its levels.
You also visited: Sewer.

You collected 471 gold pieces.

Inventory:

Hand Weapons
 a - a +2 falchion of holy wrath
 j - a +0 arbalest
 m - a -3 dagger
 o - a +1 glaive
 w - a +0 rapier
 y - a +4 short sword of venom (weapon)
 z - a +2 morningstar of holy wrath
 H - a +0 hunting sling
 K - a +1 whip of flaming
 O - a +0 falchion
 Q - a +0 shortbow
Missiles
 g - 28 sling bullets
 k - 96 stones
 u - 127 arrows
 x - 20 bolts
 C - 2 boomerangs
 D - 24 poisoned darts (quivered)
 U - a throwing net
Armour
 b - a +0 robe
 d - a +0 pair of gloves (worn)
 s - a +0 plate armour
 A - a +0 chain mail
 E - a +0 ring mail
 J - a +2 leather armour of fire resistance (worn)
 M - a +0 scale mail
 S - a +0 ring mail
 W - a +0 cloak (worn)
Jewellery
 F - an uncursed ring of fire
Wands
 N - a wand of iceblast (10)
 T - a wand of enslavement (5)
Scrolls
 e - 2 scrolls of amnesia
 f - 3 scrolls of remove curse
 l - a scroll of immolation
 r - 2 scrolls of magic mapping
 t - 2 scrolls of blinking
 v - 2 scrolls of fear
 B - a scroll of acquirement {unknown}
 L - a scroll of teleportation
 P - a scroll of enchant armour {unknown}
 V - a scroll of noise
 X - a scroll of fog {unknown}
Potions
 h - a potion of might {unknown}
 i - 2 potions of cancellation
 n - a potion of flight
 q - a potion of brilliance
 G - a potion of lignification
 I - a potion of curing
 R - 3 potions of mutation
 Y - a potion of degeneration {unknown}
Comestibles
 c - 17 rations
 p - 2 chunks of flesh


   Skills:
 + Level 8.9 Fighting
 + Level 5.9 Short Blades
 + Level 8.9 Long Blades
 + Level 5.9 Axes
 + Level 5.9 Maces & Flails
 + Level 5.9 Polearms
 + Level 5.9 Staves
 + Level 5.9 Slings
 + Level 5.9 Bows
 + Level 5.9 Crossbows
 + Level 5.9 Throwing
 + Level 5.9 Armour
 + Level 8.9 Dodging
 + Level 7.3 Stealth
 + Level 5.9 Shields
 + Level 5.9 Unarmed Combat
 + Level 5.9 Spellcasting
 + Level 4.8 Conjurations
 + Level 4.8 Hexes
 + Level 4.8 Charms
 + Level 4.8 Summonings
 + Level 4.8 Necromancy
 + Level 4.8 Translocations
 + Level 4.8 Transmutations
 + Level 4.8 Fire Magic
 + Level 4.8 Ice Magic
 + Level 4.8 Air Magic
 + Level 4.8 Earth Magic
 + Level 4.8 Poison Magic
 + Level 6.4 Invocations
 + Level 5.9 Evocations


You had 11 spell levels left.
You knew the following spells:

 Your Spells              Type           Power        Failure   Level  Hunger
b - Song of Slaying       Chrm           ###.....     3%          2    #......
e - Spectral Weapon       Hex/Chrm       ###.....     8%          3    ###....
k - Regeneration          Chrm/Necr      ###.......   8%          3    ###....
y - Shroud of Golubria    Chrm/Tloc      ###...       3%          2    #......

Your spell library contained the following spells:

 Spells                   Type           Power        Failure   Level  Hunger
 Infusion                 Chrm           ###.         2%          1    None
 Summon Forest            Summ/Tloc      ###.......   56%         5    ######.
 Freezing Cloud           Conj/Ice/Air   ###.......   98%         6    #######


Dungeon Overview and Level Annotations

Branches:
Dungeon (9/15)             Temple (0/1) D:7           Sewer (visited)
   Lair: D:8-11         Orc: D:9-12

Altars:
Ashenzari
Cheibriados
Gozag
Nemelex Xobeh
Sif Muna
The Shining One

Shops:
D:5 :


Innate Abilities, Weirdness & Mutations

Your experience applies equally to all skills.
You have very sharp teeth.
Your uncanny sense of smell can sniff out nearby items.


Message History

Unknown command.
* * * LOW HITPOINT WARNING * * *
You feel sick.
The iguana completely misses your spectral weapon.
The iguana misses your spectral weapon.
Unknown command.
* * * LOW HITPOINT WARNING * * *
You feel sick. Something bites your spectral weapon!
Your spectral weapon shares its damage with you!
* * * LOW HITPOINT WARNING * * *
* * * LOW HITPOINT WARNING * * *
You feel sick.
You swap places.
* * * LOW HITPOINT WARNING * * *
You feel sick. The iguana closely misses you.
You hit the iguana.
The iguana is poisoned.
The iguana is lightly wounded.
* * * LOW HITPOINT WARNING * * *
You feel sick. The iguana bites you.
You die...

#.# #######
#.# ## #..
..# #.# (.#.#
#.# #.#
#.#.###.###.#
.$..>.......#
.#.###.#####
#†###.#
#.l@(.#
#######


You could see an iguana and a friendly spectral +4 short sword of venom.

Vanquished Creatures
  Harold (D:7)
  A two-headed ogre (D:7)
  Pikel (D:7)
  Joseph (D:7)
  A hornet (D:9)
  A hippogriff (D:8)
  A spriggan (D:7)
  Grum (D:8)
  3 yaks
  Menkaure (D:6)
  Duvessa (D:6)
  A water moccasin (D:7)
  3 sky beasts
  An ice beast (D:7)
  3 orc warriors
  A necrophage (D:7)
  4 slaves (D:7)
  6 ogres
  3 phantoms
  2 centaurs
  2 wolves (D:7)
  3 bullfrogs
  3 scorpions
  Dowan (D:6)
  A howler monkey (D:5)
  2 crimson imps
  3 jellies
  A quasit (D:8)
  A bullfrog skeleton (D:7)
  2 centaur skeletons
  6 hounds
  5 orc priests
  5 iguanas
  10 orc wizards
  5 worker ants
  A hound zombie (D:6)
  A hound skeleton (D:5)
  2 howler monkey zombies
  11 adders
  A shadow imp (D:5)
  15 oozes
  2 worms
  6 dart slugs
  15 leopard geckos
  25 orcs
  17 ball pythons
  14 giant cockroaches
  5 goblins
  4 hobgoblins
  7 jackals
  6 quokkas
  3 bats
  14 frilled lizards
  A jackal skeleton (D:7)
  4 kobolds
  A leopard gecko zombie (D:5)
  11 rats
253 creatures vanquished.

Notes
Turn   | Place    | Note
-------+----------+-------------------------------------------
     0 | D:1      | MordorOrchid the Gnoll Monk began the quest for the Orb.
     0 | D:1      | Reached XP level 1. HP: 23/23 MP: 1/1
   111 | D:1      | Reached XP level 2. HP: 26/29 MP: 2/2
   513 | D:2      | Reached XP level 3. HP: 35/35 MP: 3/3
   812 | D:2      | Reached skill level 1 in Invocations
   904 | D:2      | Reached skill level 1 in Short Blades
   904 | D:2      | Reached skill level 1 in Axes
   904 | D:2      | Reached skill level 1 in Maces & Flails
   904 | D:2      | Reached skill level 1 in Polearms
   904 | D:2      | Reached skill level 1 in Staves
   904 | D:2      | Reached skill level 1 in Slings
   904 | D:2      | Reached skill level 1 in Bows
   904 | D:2      | Reached skill level 1 in Crossbows
   904 | D:2      | Reached skill level 1 in Throwing
   904 | D:2      | Reached skill level 1 in Armour
   904 | D:2      | Reached skill level 1 in Shields
   904 | D:2      | Reached skill level 1 in Unarmed Combat
   904 | D:2      | Reached skill level 1 in Spellcasting
   904 | D:2      | Reached skill level 1 in Evocations
   984 | D:2      | Reached XP level 4. HP: 26/41 MP: 5/5
   992 | D:2      | Reached skill level 1 in Conjurations
   992 | D:2      | Reached skill level 1 in Hexes
   992 | D:2      | Reached skill level 1 in Charms
   992 | D:2      | Reached skill level 1 in Summonings
   992 | D:2      | Reached skill level 1 in Necromancy
   992 | D:2      | Reached skill level 1 in Translocations
   992 | D:2      | Reached skill level 1 in Transmutations
   992 | D:2      | Reached skill level 1 in Fire Magic
   992 | D:2      | Reached skill level 1 in Ice Magic
   992 | D:2      | Reached skill level 1 in Air Magic
   992 | D:2      | Reached skill level 1 in Earth Magic
   992 | D:2      | Reached skill level 1 in Poison Magic
  1127 | D:3      | Found a sparkling altar of Nemelex Xobeh.
  1127 | D:3      | Found a snail-covered altar of Cheibriados.
  1169 | D:3      | Found a shattered altar of Ashenzari.
  1169 | D:3      | Found an opulent altar of Gozag.
  1210 | D:3      | Reached XP level 5. HP: 34/47 MP: 6/6
  1677 | D:4      | Reached XP level 6. HP: 52/53 MP: 8/8
  1998 | D:4      | Found a shimmering blue altar of Sif Muna.
  2025 | D:4      | Became a worshipper of Sif Muna the Loreminder
  2025 | D:4      | Reached * piety under Sif Muna
  2025 | D:4      | Reached ** piety under Sif Muna
  2098 | D:5      | Entered Level 5 of the Dungeon
  2099 | D:5      | Noticed a sky beast
  2173 | D:4      | Reached XP level 7. HP: 25/59 MP: 10/10
  2545 | D:5      | Reached skill level 5 in Stealth
  2577 | D:5      | Found a glowing drain.
  2658 | D:5      | Reached XP level 8. HP: 31/67 MP: 12/12
  2724 | Sewer    | Entered a sewer
  2966 | Sewer    | Reached *** piety under Sif Muna
  3294 | D:5      | Found Nofeajia's Book Boutique.
  3781 | D:5      | Reached **** piety under Sif Muna
  3799 | D:6      | Noticed Dowan
  3800 | D:6      | Noticed Duvessa
  3804 | D:6      | Killed Dowan
  3804 | D:6      | Reached XP level 9. HP: 27/72 MP: 14/14
  3804 | D:6      | Killed Duvessa
  4052 | D:6      | Noticed Menkaure
  4186 | D:6      | Killed Menkaure
  4783 | D:7      | Reached skill level 5 in Invocations
  4981 | D:7      | Reached XP level 10. HP: 14/80 MP: 15/17
  5158 | D:7      | Noticed Joseph
  5169 | D:7      | Killed Joseph
  5311 | D:7      | Found a staircase to the Ecumenical Temple.
  5388 | D:7      | Noticed Pikel
  5418 | D:7      | Killed Pikel
  5418 | D:7      | Reached skill level 5 in Short Blades
  5418 | D:7      | Reached skill level 5 in Axes
  5418 | D:7      | Reached skill level 5 in Maces & Flails
  5418 | D:7      | Reached skill level 5 in Polearms
  5418 | D:7      | Reached skill level 5 in Staves
  5418 | D:7      | Reached skill level 5 in Slings
  5418 | D:7      | Reached skill level 5 in Bows
  5418 | D:7      | Reached skill level 5 in Crossbows
  5418 | D:7      | Reached skill level 5 in Throwing
  5418 | D:7      | Reached skill level 5 in Armour
  5418 | D:7      | Reached skill level 5 in Shields
  5418 | D:7      | Reached skill level 5 in Unarmed Combat
  5418 | D:7      | Reached skill level 5 in Spellcasting
  5418 | D:7      | Reached skill level 5 in Evocations
  5439 | D:7      | Found a glowing golden altar of the Shining One.
  5467 | D:7      | Noticed Harold
  5509 | D:7      | Killed Harold
  5800 | D:8      | Noticed a two-headed ogre
  6050 | D:7      | Learned a level 2 spell: Shroud of Golubria
  6054 | D:7      | Learned a level 3 spell: Regeneration
  6057 | D:7      | Learned a level 2 spell: Song of Slaying
  6061 | D:7      | Learned a level 3 spell: Spectral Weapon
  6102 | D:7      | Killed a two-headed ogre
  6143 | D:8      | Noticed Grum
  6314 | D:8      | Killed Grum
  6356 | D:8      | Reached ***** piety under Sif Muna
  6356 | D:8      | Identified Yqumucwatu's Disquisition on Snow and
                  | Translocation (Sif Muna gifted it to you on level 8 of the
                  | Dungeon)
  6356 | D:8      | Received a gift from Sif Muna
  6731 | D:8      | Reached XP level 11. HP: 70/87 MP: 19/19
  6903 | D:9      | Noticed a two-headed ogre
  7334 | D:9      | Paralysed by a hornet for 3 turns
  7341 | D:9      | HP: 4/87 [something (5)]
  7344 | D:9      | Slain by an iguana

Levels and vault maps discovered:
D:1:      kennysheep_arrival_seaside, layout_loops_ring, hangedman_decor_points,
          corexii_item_surrounded_by_moat
D:2:      layout_basic, first_ration
D:3:      layout_rooms, grunt_temple_overflow_open, bh_walls_and_bars
D:4:      layout_basic, old_standard_altar
D:5:      layout_rooms, cheibrodos_sewer_entry_drain, serial_shops,
          nicolae_shop_temple_entry_statues_fountains
D:6:      layout_rooms, uniq_menkaure, uniq_duvessa
D:7:      layout_rooms, lemuel_crystal_altar, minmay_temple_entry_hall,
          the_bakery, uniq_harold, uniq_pikel, uniq_joseph
D:8:      layout_loops_cross, uniq_grum
D:9:      layout_loops_cross

Skill      XL: |  1  2  3  4  5  6  7  8  9 10 |
---------------+-------------------------------+-----
Invocations    | 1 2 3 4 5 6 |  6.4
Short Blades   | 1 2 3 4 5 |  5.9
Axes           | 1 2 3 4 5 |  5.9
Maces & Flails | 1 2 3 4 5 |  5.9
Polearms       | 1 2 3 4 5 |  5.9
Staves         | 1 2 3 4 5 |  5.9
Slings         | 1 2 3 4 5 |  5.9
Bows           | 1 2 3 4 5 |  5.9
Crossbows      | 1 2 3 4 5 |  5.9
Throwing       | 1 2 3 4 5 |  5.9
Armour         | 1 2 3 4 5 |  5.9
Shields        | 1 2 3 4 5 |  5.9
Unarmed Combat | 1 2 3 4 5 |  5.9
Spellcasting   | 1 2 3 4 5 |  5.9
Evocations     | 1 2 3 4 5 |  5.9
Conjurations   | 1 2 3 4 |  4.8
Hexes          | 1 2 3 4 |  4.8
Charms         | 1 2 3 4 |  4.8
Summonings     | 1 2 3 4 |  4.8
Necromancy     | 1 2 3 4 |  4.8
Translocations | 1 2 3 4 |  4.8
Transmutations | 1 2 3 4 |  4.8
Fire Magic     | 1 2 3 4 |  4.8
Ice Magic      | 1 2 3 4 |  4.8
Air Magic      | 1 2 3 4 |  4.8
Earth Magic    | 1 2 3 4 |  4.8
Poison Magic   | 1 2 3 4 |  4.8
Fighting       | 7 8 |  8.9
Long Blades    | 7 8 |  8.9
Dodging        | 7 8 |  8.9
Stealth        | 5 6 7 |  7.3

Action                   |  1- 3 |  4- 6 |  7- 9 | 10-12 || total
-------------------------+-------+-------+-------+-------++-------
Melee: Falchion          |    85 |   108 |   460 |   148 ||   801
       Bite              |     5 |    17 |    64 |    30 ||   116
       Punch             |       |     1 |     8 |    10 ||    19
       Morningstar       |       |       |     4 |       ||     4
       Short sword       |       |       |       |    58 ||    58
       Dagger            |       |       |       |     8 ||     8
 Fire: Hunting sling     |    22 |    11 |    59 |       ||    92
       Arbalest          |       |       |    46 |    96 ||   142
Throw: Stone             |     2 |     1 |       |       ||     3
       Boomerang         |       |       |    12 |       ||    12
       Dart              |       |       |    43 |     1 ||    44
       Throwing net      |       |       |       |     2 ||     2
 Cast: Regeneration      |       |       |       |    14 ||    14
       Shroud of Golubri |       |       |       |     5 ||     5
       Spectral Weapon   |       |       |       |     1 ||     1
Evoke: Wand              |       |     8 |    16 |     1 ||    25
  Use: Scroll            |       |     3 |     8 |     4 ||    15
       Potion            |       |     4 |     3 |     1 ||     8
 Stab: Sleeping          |     3 |       |       |       ||     3
       Held in net/web   |       |       |       |     2 ||     2
       Invisible         |       |       |       |     1 ||     1
  Eat: Chunk             |       |     4 |    11 |    12 ||    27
Armor: Robe              |     3 |       |       |       ||     3
       Plate armour      |    28 |    54 |       |       ||    82
       Chain mail        |       |     8 |   226 |    46 ||   280
       Leather armour    |       |       |       |    31 ||    31
Dodge: Dodged            |    34 |    39 |   227 |   183 ||   483
       Rpst.: Falchion   |     5 |    18 |    70 |    29 ||   122
